 Dungeon Crawl Stone Soup version 0.30.1-11-g7821555f0a (webtiles) character file.

Game seed: 16785653082881191000

44 KittyFluff the Trooper (level 3, -2/36 HPs)
             Began as a Gargoyle Berserker on Oct 28, 2023.
             Was a Believer of Trog.
             Slain by a cerulean imp
             ... wielding a +0 spear
             ... summoned by Natasha
              (5 damage)
             ... on level 2 of the Dungeon.
             The game lasted 00:03:35 (867 turns).

KittyFluff the Trooper (Gargoyle Berserker)          Turns: 867, Time: 00:03:36

Health: -2/36      AC:  5    Str: 22    XL:     3   Next: 62%
Magic:  3/3        EV: 12    Int:  7    God:    Trog [**....]
Gold:   71         SH:  0    Dex:  9    Spells: 2/2 levels left

rFire   . . .        a - +0 mace
rCold   . . .        (no shield)
rNeg    + . .        b - +0 animal skin
rPois   ∞            (no helmet)
rElec   +            (no cloak)
rCorr   .            (no gloves)
SInv    .            (no boots)
Will    .....        (no amulet) Stlth
                     (no ring)
HPRegen 0.26/turn    (no ring)
MPRegen 0.08/turn

%: no passive effects
@: berserking, very quick
A: sickness immunity, AC +3, negative energy resistance 1, electricity
resistance, torment resistance 1, petrification resistance
a: Renounce Religion, Berserk, Trog's Hand


You were on level 2 of the Dungeon.
You worshipped Trog.
Trog was pleased with you.
You visited 1 branch of the dungeon, and saw 2 of its levels.

You collected 71 gold pieces.

Inventory:

Hand Weapons
 a - a +0 mace (weapon)
 o - a +0 sling
Missiles
 p - 5 boomerangs (quivered)
Armour
 b - a +0 animal skin (worn)
 n - a +4 ring mail
Jewellery
 q - a +6 ring of strength
 r - a +6 ring of strength
Scrolls
 c - 2 scrolls of teleportation {unknown}
 i - 2 scrolls of identify {unknown}
 j - 2 scrolls of fog {unknown}
Potions
 d - a potion of attraction {unknown}
 e - a potion of resistance {unknown}
 f - a potion of lignification {unknown}
 g - 2 potions of heal wounds {unknown}
 h - a potion of might {unknown}
 k - a potion of haste {unknown}
 l - a potion of flight {unknown}
 m - 4 potions of curing {unknown}


   Skills:
 + Level 3.6 Fighting
 * Level 3.5 Maces & Flails
 * Level 3.0 Armour
 + Level 1.9 Dodging


You had 2 spell levels left.
You didn't know any spells.
Your spell library was empty.

Dungeon Overview and Level Annotations

Branches:
Dungeon (2/15)

Altars:

Annotations:
D:1 2 transporters
D:2 Natasha


Innate Abilities, Weirdness & Mutations

You are immune to sickness and miasma.
Your stone body is resilient. (AC +3)
You are immune to poison.
You resist negative energy. (rN+)
You are resistant to electric shocks. (rElec)
You are resistant to unholy torment.
You are immune to petrification.


Message History

The bat barely misses you.
You hit the bat.
The bat is severely wounded.
The bat closely misses you.
Natasha hisses.
The bat hits you but does no damage.
You hit the bat but do no damage.
The bat is severely wounded.
The bat barely misses you. The bat hits you.
Natasha mumbles some strange words.
The bat hits you but does no damage.
You barely miss the bat.
The bat is severely wounded.
The bat closely misses you.
Natasha extends her claws.
You closely miss Natasha.
Natasha wildly gestures.
Natasha shimmers violently.
Natasha claws you but does no damage. Natasha claws you.
You barely miss Natasha. The cerulean imp barely misses you.
Natasha hisses.
Natasha mumbles some strange words.
You barely miss Natasha.
The cerulean imp hits you but does no damage.
Natasha casts a spell.
The cerulean imp hits you but does no damage.
You closely miss Natasha. Natasha claws you.
* * * LOW HITPOINT WARNING * * *
The cerulean imp closely misses you.
You hit Natasha but do no damage. Natasha closely misses you.
The cerulean imp hits you but does no damage.
Natasha claws you.
* * * LOW HITPOINT WARNING * * *
A red film seems to cover your vision as you go berserk!
You feel yourself moving faster!
You feel mighty! The cerulean imp barely misses you.
Natasha claws you but does no damage.
You sock Natasha!
Natasha is heavily wounded.
The cerulean imp hits you from afar with a +0 spear.
You die...

##.###.####.####........
##...##.....g.#
#........
##.###.#.####..###.#...#
##.## #.. #..........#
#.## #.# #..........#
#.# .# #......###.# ..#
# #.###..# ##.#
#.###5.###.## #.#
#..@hg5....... ...
#####b.#.#.#.. ###
#....?. #.##.#.# #.#
..... ... ..### .. ..
#.# ## .# . #.# .. .


You could see Natasha, 2 cerulean imps, a goblin and a bat.

Vanquished Creatures
  An adder (D:2)
  A dart slug (D:1)
  4 ball pythons
  2 endoplasms (D:1)
  A giant cockroach (D:2)
  3 goblins
  4 hobgoblins (D:1)
  6 bats
  3 frilled lizards (D:1)
  5 kobolds (D:1)
  4 rats
34 creatures vanquished.

Notes
Turn   | Place    | Note
-------+----------+-------------------------------------------
     0 | D:1      | KittyFluff the Gargoyle Berserker began the quest for the
                  | Orb.
     0 | D:1      | Reached XP level 1. HP: 14/14 MP: 1/1
   141 | D:1      | Reached XP level 2. HP: 19/19 MP: 2/2
   156 | D:1      | Found a faded altar of an unknown god.
   435 | D:1      | Reached XP level 3. HP: 23/23 MP: 3/3
   467 | D:1      | Reached ** piety under Trog
   854 | D:2      | Noticed Natasha
   865 | D:2      | HP: 1/24 [Natasha (6)]
   867 | D:2      | Slain by a cerulean imp

Illustrated notes

Levels and vault maps discovered:
D:1:      spicycebolla_arrival_transporter_tutorial, layout_basic,
          nicolae_ecumenical_lake_church, serial_park_tiny_1,
          corexii_corridor_pit, minmay_liquid_box
D:2:      layout_loops_ring, uniq_natasha

Skill      XL: |  1  2  3 |
---------------+----------+-----
Armour         | 3 |  3.0
Fighting       | |  3.6
Maces & Flails | |  3.5
Dodging        | |  1.9

Action                     || total
---------------------------++-------
  Melee: Mace              ||    91
 Invoke: Berserk           ||     1
 Armour: Animal skin       ||    47
  Dodge: Dodged            ||    76
